Map: Terrasses de Prion

Players

pupu

  • Race: Protoss Protoss
  • League: Silver

UrsaMajor - Winner!

  • Race: Terran Terran
  • League: Gold

VOD

Have the link to the VOD?

Description

Time

  • Played on: April 11, 2016, 10:45 a.m.
  • Length: 16:55
Show
View Real Time Build Order
Export as new Build Order

pupu Protoss 

Build Orders: Nexus First 

Get SALT Encoding   

  12  0:01  Probe (Chrono Boost)  
  13  0:11  Probe (Chrono Boost)  
  14  0:22  Probe (Chrono Boost)  
  14  0:25  Pylon  
  15  0:53  Nexus  
  15  0:56  Probe (Chrono Boost)  
  16  1:09  Gateway  
  16  1:10  Probe (Chrono Boost)  
  17  1:17  Assimilator  
  17  1:20  Probe (Chrono Boost)  
  18  1:27  Assimilator  
  18  1:31  Probe (Chrono Boost)  
  19  1:42  Probe (Chrono Boost)  
  20  1:52  Probe (Chrono Boost)  
  21  1:58  Cybernetics Core  
  21  2:01  Pylon  
  21  2:03  Probe (Chrono Boost)  
  22  2:11  Probe (Chrono Boost)  
  22  2:14  Pylon  
  22  2:15  Probe (Chrono Boost)  
  24  2:22  Probe (Chrono Boost)  
  25  2:25  Probe (Chrono Boost)  
  25  2:28  Gateway  
  26  2:31  Gateway  
  26  2:33  Probe (Chrono Boost)  
  27  2:38  Probe (Chrono Boost)  
  27  2:43  Warp Gate (Chrono Boost)  
  30  2:44  Mothership Core (Chrono Boost)  
  30  2:51  Stalker  
  30  2:53  Probe  
  33  3:08  Probe, Assimilator  
  33  3:10  Probe  
  35  3:15  Twilight Council  
  35  3:21  Probe  
  35  3:22  Probe  
  37  3:29  Robotics Facility  
  37  3:31  Probe  
  37  3:34  Probe  
  37  3:35  Zealot  
  37  3:39  Zealot  
  42  3:44  Probe, Zealot  
  42  3:47  Probe  
  46  3:53  Pylon  
  46  3:55  Probe  
  46  3:58  Assimilator  
  46  3:59  Probe  
  48  4:05  Charge (Chrono Boost)  
  48  4:07  Probe  
  49  4:11  Probe  
  49  4:16  Warp Prism  
  52  4:19  Probe  
  52  4:23  Probe  
  54  4:27  Pylon  
  52  4:31  Probe  
  53  4:44  Zealot x3  
  59  4:51  Probe x2  
  61  5:04  Probe x2  
  63  5:08  Immortal  
  63  5:12  Sentry  
  69  5:18  Pylon  
  69  5:19  Pylon  
  69  5:20  Probe x2  
  69  5:21  Pylon  
  69  5:30  Forge, Gateway  
  69  5:32  Gateway  
  69  5:35  Pylon  
  69  5:37  Pylon  
  69  5:39  Pylon  
  69  5:49  Zealot x2  
  67  5:50  Zealot  
  69  6:00  Probe x2  
  69  6:03  Immortal  
  75  6:12  Probe  
  70  6:40  Zealot x3  
  70  6:42  Warp Prism  
  78  6:47  Protoss Ground Weapons Level 1 (Chrono Boost)  
  78  6:48  Probe x2  
  80  6:59  Zealot x2  
  80  7:00  Zealot, Pylon  
  86  7:02  Pylon  
  86  7:03  Zealot x2  
  86  7:05  Pylon  
  86  7:06  Nexus  
  72  7:24  Zealot x5  
  82  7:31  Probe x2  
  84  7:41  Gateway  
  84  7:42  Gateway  
  84  7:46  Gateway  
  84  7:48  Gateway  
  76  7:51  Pylon  
  76  7:56  Zealot x5  
  74  8:07  Probe x2  
  76  8:15  Pylon  
  76  8:17  Pylon  
  76  8:19  Probe x2  
  77  8:20  Zealot x4  
  77  8:21  Zealot  
  79  8:31  Probe  
  74  8:40  Immortal  
  78  8:42  Zealot  
  78  8:43  Zealot x5  
  78  8:45  Probe x2  
  92  8:50  Protoss Ground Armor Level 1 (Chrono Boost)  
  92  8:52  Sentry  
  94  9:09  Sentry x2  
  98  9:10  Sentry x2  
  98  9:13  Zealot x2  
  106  9:20  Immortal  
  110  9:25  Probe x2  
  110  9:31  Assimilator  
  112  9:37  Pylon  
  112  9:39  Pylon  
  112  9:48  Zealot x2  
  112  9:49  Nexus, Zealot x2  
  120  10:06  Zealot x3  
  126  10:16  Zealot x3  
  126  10:17  Zealot  
  112  10:33  Zealot  
  112  10:34  Zealot x2  
  118  10:36  Immortal  
  122  10:45  Probe x2, Assimilator  
  124  11:02  Pylon  
  124  11:03  Pylon  
  124  11:06  Pylon  
  124  11:09  Pylon  
  124  11:10  Pylon  
  124  11:11  Robotics Bay  
  124  11:12  Robotics Facility  
  124  11:15  Dark Shrine  
  124  11:16  Probe x2  
  124  11:17  Pylon  
  124  11:18  Probe x2  
  128  11:20  Pylon  
  128  11:24  Pylon  
  128  11:27  Probe x2  
  128  11:30  Probe  
  131  11:38  Assimilator  
  131  11:40  Assimilator  
  131  11:43  Probe, Gateway  
  131  11:45  Gateway  
  132  11:47  Gateway  
  132  11:53  Immortal  
  136  11:57  Sentry x5  
  146  12:12  Probe x2  
  148  12:40  Dark Templar x4  
  148  12:41  Dark Templar x3  
  162  12:45  Archon x3  
  162  12:54  Protoss Shields Level 1 (Chrono Boost), Pylon  
  162  12:56  Pylon  
  162  13:00  Colossus x2, Pylon  
  162  13:03  Extended Thermal Lance (Chrono Boost)  
  174  13:15  Dark Templar x2  
  174  13:17  Dark Templar  
  180  13:26  Dark Templar x2  
  184  13:28  Archon  
  184  13:30  Archon  
  184  13:49  Dark Templar x6  
  184  13:50  Dark Templar  
  198  13:57  Dark Templar  
  198  14:47  Dark Templar  
  198  14:58  Dark Templar x2  
  200  15:02  Archon  
  200  15:04  Colossus  
  192  15:07  Colossus  
  196  15:18  Zealot  
  196  15:20  Probe x2  
  200  15:27  Nexus  
  200  15:33  Gateway  
  200  15:35  Gateway  
  200  15:38  Gateway  
  200  15:39  Gateway  
  200  15:41  Gateway  
  200  15:43  Gateway  
  200  15:48  Gateway  
  200  15:50  Gateway  
  200  15:52  Gateway  
  200  15:55  Pylon  
  176  15:57  Pylon  
  176  16:00  Dark Templar x2, Pylon  
  176  16:01  Dark Templar x7  
  176  16:03  Pylon  
  100  16:21  Dark Templar  
  102  16:37  Dark Templar  
  102  16:38  Dark Templar x4  
Show
View Real Time Build Order
Export as new Build Order

UrsaMajor Terran - Winner!

Build Orders: Command Center First (CC) 

Get SALT Encoding   

  12  0:01  SCV  
  13  0:13  SCV  
  14  0:20  Supply Depot  
  14  0:25  SCV  
  15  0:42  SCV  
  16  1:00  Command Center  
  16  1:06  SCV  
  17  1:18  SCV  
  18  1:19  Barracks  
  18  1:25  Refinery  
  18  1:30  SCV  
  19  1:40  Barracks  
  19  1:47  SCV  
  20  1:57  Barracks  
  20  2:01  SCV  
  21  2:10  Barracks Reactor  
  21  2:13  SCV  
  22  2:30  Barracks  
  22  2:32  Barracks Reactor  
  22  2:35  SCV  
  23  2:47  SCV  
  23  2:48  Orbital Command  
  23  2:49  Marine  
  25  2:52  Barracks Tech Lab  
  25  2:54  Marine  
  26  3:00  SCV  
  27  3:07  Marine  
  27  3:12  Marine, SCV  
  30  3:14  Marine  
  30  3:15  Marine  
  30  3:18  Barracks Tech Lab, Marine  
  33  3:25  SCV x2  
  35  3:34  Marine  
  35  3:35  Marine  
  35  3:36  Marine  
  35  3:37  Combat Shields  
  38  3:47  Supply Depot  
  38  3:48  Supply Depot  
  38  4:08  Marine x5, SCV  
  38  4:09  Marauder  
  46  4:10  Supply Depot  
  46  4:11  SCV  
  47  4:20  SCV  
  48  4:26  Marauder, Marine x4  
  48  4:30  Marauder  
  49  4:45  Engineering Bay, Marine  
  49  4:46  Marine  
  49  4:47  Marine x2  
  49  4:48  Marauder  
  49  4:51  Marine  
  49  4:52  SCV  
  57  4:53  SCV  
  57  4:59  Refinery  
  58  5:03  Marine  
  58  5:04  Marine  
  58  5:05  Marine  
  61  5:10  Marine  
  61  5:13  Orbital Command  
  62  5:19  Supply Depot  
  62  5:23  Supply Depot  
  62  5:40  Marine x4  
  62  5:41  Marauder x2  
  54  5:57  SCV x2  
  54  5:58  Marine x4  
  54  6:02  Marauder x2  
  64  6:05  Missile Turret  
  64  6:08  Missile Turret  
  64  6:09  SCV x2  
  66  6:16  Marine x3  
  66  6:17  Missile Turret  
  69  6:21  SCV x2  
  69  6:24  Marauder x2  
  67  6:25  Supply Depot  
  67  6:30  Marine  
  63  6:33  SCV  
  63  6:34  Marine x2, SCV  
  63  6:36  Marine, Missile Turret x2  
  68  6:45  Supply Depot, Marauder, Marine  
  71  6:48  Marine  
  71  6:49  SCV x2  
  71  6:51  Factory  
  74  6:56  Marine x3  
  77  7:02  Marine  
  77  7:06  Marauder, Marine  
  80  7:14  Marine  
  78  7:20  SCV x2  
  80  7:26  Marine x3  
  80  7:27  Marauder  
  80  7:28  Marauder  
  87  7:32  Marine  
  87  7:33  Command Center  
  87  7:36  Supply Depot  
  88  7:38  Supply Depot  
  88  7:39  SCV x2  
  88  7:44  Marine x2  
  87  7:54  Marine x3  
  87  7:55  Marauder  
  84  8:01  Marine x2  
  86  8:09  SCV x2  
  86  8:12  Marauder, Marine  
  91  8:16  Marauder  
  93  8:21  SCV x2  
  93  8:23  Marine x3  
  92  8:29  Marine  
  81  8:34  Marauder  
  81  8:37  Marine  
  81  8:41  Marine x3  
  80  8:45  Barracks  
  80  8:46  Barracks  
  80  8:47  Marine  
  84  8:49  Orbital Command  
  84  8:51  SCV x2  
  84  8:55  Marauder, Marine  
  89  8:59  Marine  
  89  9:01  Factory Tech Lab  
  90  9:15  Missile Turret  
  90  9:16  Refinery, Marine, Missile Turret  
  90  9:17  Marine x2, Missile Turret  
  91  9:18  Refinery, Marauder x2, Marine  
  91  9:20  Missile Turret  
  91  9:21  Stimpack  
  91  9:23  Concussive Shells  
  98  9:34  Marine, Siege Tank  
  102  9:39  Marauder x2  
  106  9:47  SCV x2  
  106  9:49  Starport  
  106  9:50  Starport, Marine  
  106  9:51  Marine  
  106  9:52  Barracks Tech Lab x2  
  110  9:54  Marine x2  
  110  9:56  SCV  
  113  10:00  Marauder  
  113  10:01  Marauder  
  111  10:40  Marine  
  111  10:41  Marauder, Marine  
  111  10:42  Marauder, Marine x2  
  119  10:45  Starport Tech Lab  
  119  10:53  Starport  
  119  10:58  Marine  
  119  11:00  SCV x2  
  119  11:01  SCV  
  119  11:02  Starport, Missile Turret  
  119  11:03  Marauder  
  125  11:04  Missile Turret  
  125  11:08  Missile Turret  
  125  11:24  Missile Turret  
  125  11:35  Command Center  
  125  12:16  Refinery  
  125  12:18  Refinery  
  125  12:46  Widow Mine  
  125  12:47  Viking, Marauder x3, SCV x3, Medivac  
  140  13:03  Marauder, Marine x4, Raven, SCV x2  
  150  13:06  Starport  
  150  13:08  Marauder x3  
  150  13:11  Supply Depot  
  150  13:12  Supply Depot, Starport  
  156  13:14  Supply Depot  
  156  13:16  Viking, Supply Depot, Medivac  
  160  13:20  Marine x4  
  164  13:33  Marauder x3, Marine  
  171  13:38  Marine x4  
  171  13:40  Supply Depot x2  
  175  13:43  Supply Depot  
  175  13:45  Supply Depot  
  175  13:46  Banshee  
  178  13:51  Marauder  
  178  13:54  Marine x3  
  183  13:56  Marine  
  183  14:01  Terran Infantry Weapons Level 1, Engineering Bay  
  184  14:04  Supply Depot  
  184  14:06  Supply Depot  
  184  14:07  Armory  
  184  14:08  Armory  
  184  14:09  Fusion Core  
  184  14:12  Marauder x4  
  184  14:13  Viking x2, Medivac x2  
  189  14:29  Banshee  
  192  14:34  Marauder x2  
  196  14:38  Command Center  
  174  15:17  SCV x2  
  176  15:27  Marine x2  
  176  15:28  Marine  
  179  15:29  SCV x2  
  179  15:30  Raven  
  179  15:32  Medivac  
  185  15:44  Marine  
  185  15:45  Marine x2  
  179  16:02  Marine x3  
  179  16:03  Marauder x4, Marine  
  155  16:05  SCV  
  151  16:19  Marine  
  151  16:20  Marine  
  151  16:24  Marauder  
  155  16:36  Marine x5  
  155  16:37  Marine  
Tags
 
Add a new tag
Caveats
  • Supply blocks, unpowered buildings, or Contaminate may cause inaccurate times.
  • Supply counts are checked every 10 seconds.